cohdb
Replays
Latest Replays
All Replays
Popular Replays
Top Player Replays
Match Explorer
How It Works
Community
CoH3 Stats
Reddit
Sign in to upload your games and track your stats! →
Sign in with Steam
Match 30269441
Unlisted
Match 30269441
Overview
Messages
Build Orders
End
Panzergrenadier Squad
Selects Italian Infantry
Panzergrenadier Squad
Construct Light Support Kompanie
MG34 Team
Fire Support Elements
le.IG 18 Support Gun Team
Flakvierling Half-track
Selects Guastatori Squad
Pak 38 Mechanized Group
Guastatori Squad
Guastatori Squad
Construct Panzerarmee Kommand
Selects Registered Artillery
Registered Artillery
Selects Defensive Operations
Selects Prepared Positions
Panzer III L Medium Tank
Armored Reserves
lumezzz1919
Death-Bringer
SneaKerz
gb_gbg
0
0
Comments
sign in to comment!
No comments posted yet!